AoeStats
← EMPEROR98265292

Black Forest

510078357Analyzed
4v4 RM · 3d ago on Sep 29, 2026· 20m 59s· 8 players
Game mode
Random Map
Map size
Large (8 player)
Population
200
Speed
Normal
Resources
Standard
Victory
Conquest
Starting age
Dark Age
Ending age
Imperial Age
RankedLock teamsTeams togetherTeam positionsShared explorationLock speedFull tech treeHidden civsTurbo modeCheats
Victory
Defeat
🇮🇳 Danes · India
1593
+15
🇬🇧 Mongols · United Kingdom
1567
+16
🇮🇳 Khitans · India
1523
+18
🇮🇳 Japanese · India
1304
+26
🇻🇳 Persians · Vietnam
1582
-20
🇹🇼 Bohemians · Taiwan
1568
-19
🇨🇳 Ethiopians · China
1558
-19
🇨🇳 Malay · China
1513
-17
好奇小牛
0:34 Loom
13:51 Feudal Age
18:17 Castle Age
16:42 Double-Bit Axe
17:12 Fishing Lines
17:54 Town Watch
19:34 Bow Saw
20:42 Wheelbarrow
timembh
10:30 Feudal Age
14:25 Castle Age
12:38 Double-Bit Axe
16:05 Bow Saw
16:20 Horse Collar
18:39 Town Watch
19:56 Wheelbarrow
19:10 Loom
word.exe
5:21 Loom
10:33 Feudal Age
10:14 Double-Bit Axe
17:56 Fishing Lines
21:04 Castle Age
19:57 Gold Mining
Element-Dy
1:03 Loom
12:26 Feudal Age
14:47 Double-Bit Axe
20:06 Castle Age
19:03 Fishing Lines
23
1:22 Loom
10:04 Feudal Age
11:01 Double-Bit Axe
10:57 Horse Collar
11:32 Man-at-Arms
17:27 Stone Mining
17:42 Gold Mining
20:05 Castle Age
EMPEROR98265292
5:05 Loom
10:24 Feudal Age
14:20 Castle Age
12:57 Double-Bit Axe
ntn88
1:10 Loom
12:40 Feudal Age
17:10 Castle Age
15:37 Fishing Lines
16:37 Double-Bit Axe
20:59 Gillnets
leaftopjo
1:16 Loom
1:31 Loom
11:51 Feudal Age
16:04 Castle Age
14:53 Gold Mining
15:35 Double-Bit Axe
19:27 Fletching
Connection lost

Rejoining the realm…

Still unreachable

The connection could not be restored.

Session expired

The server has moved on; the page needs a fresh start.